Description

defensive stargate start, use oracle to scout and later for detection, defend drops with phoenix, you can pick up mines vs drops or tanks/cyclones if you're getting pushed.

Replay - Geralt v soul: Game 1 - Deathaura LE

Build Order

Get SALT Encoding   

  12  0:00  Probe  
  13  0:12  Probe  
  14  0:18  Pylon  
  14  0:23  Probe  
  15  0:32  Probe  
  15  0:39  Gateway  
  15  0:40  Probe  
  16  0:46  Assimilator  
  17  0:52  Probe  
  18  1:04  Probe  
  19  1:16  Probe  
  20  1:26  Cybernetics Core  
  20  1:28  Probe  
  21  1:35  Nexus  
  21  1:43  Pylon  
  21  1:46  Probe  
  22  1:52  Stalker, Assimilator  
  26  2:28  Stargate  
  26  2:30  Adept  
  26  2:33  Shield Battery  
  26  2:36  Warp Gate  
  33  3:07  Oracle  
  39  3:27  Gateway x2  
  39  3:33  Pylon  
  40  3:36  Phoenix  
  45  3:54  Twilight Council  
  46  3:57  Assimilator x2  
  45  4:21  Blink  
  46  4:24  Stalker x3  
  53  4:33  Forge  
  53  4:50  Nexus  
  54  5:02  Protoss Ground Weapons Level 1  
  54  5:06  Pylon  
  54  5:15  Pylon  
  54  5:25  Stalker x3  
  61  5:39  Robotics Facility  
  63  5:56  Stalker x3  
  69  6:03  Charge  
  73  6:18  Gateway x2  
  74  6:24  Sentry x2  
  86  6:41  Gateway x2  
  86  6:46  Photon Cannon, Phoenix  
  87  6:54  Gateway, Photon Cannon  
  89  6:59  Observer  
  91  7:01  Photon Cannon  
  91  7:03  Protoss Ground Armor Level 1  
  93  7:16  Phoenix x2  
  92  7:31  Assimilator x2  
  92  7:35  Templar Archives  
  93  7:39  Immortal  
  93  7:40  Zealot x4  
  107  7:45  Zealot  
  109  7:57  Nexus  
  97  8:16  Psionic Storm, Photon Cannon  
  102  8:32  Warp Prism  
  102  8:33  High Templar x4  
  111  8:34  Zealot x3  
  125  9:00  Shield Battery, Photon Cannon  
  123  9:09  Robotics Bay, Zealot x2  
  128  9:15  Robotics Facility  
  129  9:23  Phoenix  
  140  9:39  Photon Cannon  
  140  9:49  High Templar x5  
Spawning Tool Build Advisor. Get it on Overwolf

Analysis

replay from a Geralt v souL game.

Go to:

Details

  • Created by: diecesar
  • Published on: Aug 04, 2020
  • Modified on: Aug 04, 2020
  • Patch: 4.11.0
  • Difficulty: Medium
Show
View Real Time Build Order
Export as new Build Order

Comments (0)

There are no comments. Be the first!

Create an account to comment!